 Dungeon Crawl Stone Soup version 0.27.0-1-g7a089689b8 (webtiles) character file.

Game seed: 16533148170462915752

54 BOMJPIETVODKU the Digger (level 3, -7/26 HPs)
             Began as a Gnoll Earth Elementalist on Aug 3, 2021.
             Was an Initiate of Cheibriados.
             Mangled by a gnoll (10 damage)
             ... on level 2 of the Dungeon.
             The game lasted 00:03:10 (946 turns).

BOMJPIETVODKU the Digger (Gnoll Earth Elementalist)  Turns: 946, Time: 00:03:11

Health: -7/26      AC:  2    Str:  8    XL:     3   Next: 91%
Magic:  0/9        EV: 14    Int: 16    God:    Cheibriados [......]
Gold:   33         SH:  0    Dex: 13    Spells: 11/12 levels left

rFire    . . .     SeeInvis .   a - +0 whip
rCold    . . .     Faith    .   (no shield)
rNeg     . . .     Spirit   .   b - +0 robe
rPois    .         Reflect  .   (no helmet)
rElec    .         Harm     .   (no cloak)
rCorr    .         Rampage  .   (no gloves)
Will     .....                  (no boots)
Stlth    +++.......             (no amulet)
HPRegen  0.08/turn              g - +4 ring of evasion
MPRegen  0.11/turn              (no ring)

@: mighty, constricted, very slow
A: fangs 1, strong nose, distributed training
a: Renounce Religion, Bend Time


You were on level 2 of the Dungeon.
You worshipped Cheibriados.
Cheibriados was noncommittal.
You visited 1 branch of the dungeon, and saw 2 of its levels.

You collected 33 gold pieces.

Inventory:

Hand Weapons
 a - a +0 whip (weapon)
Missiles
 c - 25 stones
Armour
 b - a +0 robe (worn)
Jewellery
 g - a +4 ring of evasion (left hand)
Scrolls
 e - a scroll of brand weapon {unknown}
 f - a scroll of fear {unknown}
 h - a scroll of immolation {unknown}
Potions
 d - 3 potions of might


   Skills:
 + Level 1.0 Fighting
 + Level 1.0 Short Blades
 + Level 1.0 Long Blades
 + Level 1.0 Axes
 + Level 1.0 Maces & Flails
 + Level 1.0 Polearms
 + Level 1.0 Staves
 + Level 1.0 Slings
 + Level 1.0 Bows
 + Level 1.0 Crossbows
 + Level 1.0 Throwing
 + Level 1.0 Armour
 + Level 4.6 Dodging
 + Level 4.2 Stealth
 + Level 1.0 Shields
 + Level 1.0 Unarmed Combat
 + Level 5.0 Spellcasting
 + Level 0.7 Conjurations
 + Level 0.7 Hexes
 + Level 0.7 Summonings
 + Level 0.7 Necromancy
 + Level 0.7 Translocations
 + Level 2.1 Transmutations
 + Level 0.7 Fire Magic
 + Level 0.7 Ice Magic
 + Level 0.7 Air Magic
 + Level 5.4 Earth Magic
 + Level 0.7 Poison Magic
 + Level 1.0 Invocations
 + Level 1.0 Evocations


You had 11 spell levels left.
You knew the following spells:

 Your Spells              Type           Power      Damage    Failure   Level
a - Sandblast             Erth           42%        2d11      1%          1

Your spell library contained the following spells:

 Spells                   Type           Power      Damage    Failure   Level
 Passwall                 Tmut/Erth      13%        N/A       4%          2
 Wereblood                Tmut           11%        N/A       10%         2
 Stone Arrow              Conj/Erth      26%        3d8       13%         3
 Sublimation of Blood     Necr           3%         N/A       17%         2
 Petrify                  Tmut/Erth      16%        N/A       32%         4
 Summon Hydra             Summ           3%         N/A       100%        7


Dungeon Overview and Level Annotations

Branches:
Dungeon (2/15)

Altars:
Cheibriados


Innate Abilities, Weirdness & Mutations

You have very sharp teeth.
Your uncanny sense of smell can sniff out nearby items.
Your experience applies equally to all skills.


Message History

Your Long Blades skill increases to level 1!
Your Axes skill increases to level 1!
Your Maces & Flails skill increases to level 1!
Your Polearms skill increases to level 1!
Your Staves skill increases to level 1!
Your Slings skill increases to level 1!
Your Bows skill increases to level 1!
Your Crossbows skill increases to level 1!
Your Throwing skill increases to level 1!
Your Armour skill increases to level 1!
Your Shields skill increases to level 1!
Your Unarmed Combat skill increases to level 1!
Your Evocations skill increases to level 1!
The blast of sand hits the bat!
You kill the bat!
Cheibriados thoroughly appreciates the change of pace.
You hear an angry hiss.
You are too depleted to draw on your mana recklessly!
A ball python comes into view.
Your magical contamination has completely faded away.
The gnoll hits you with a +0 flail! The gnoll closely misses you.
The blast of sand hits the gnoll.
The gnoll is heavily wounded.
The gnoll hits you with a +0 flail!
* * * LOW HITPOINT WARNING * * *
It was a potion of might.
You feel very mighty all of a sudden. The ball python closely misses you.
The ball python barely misses you. The gnoll misses you.
The ball python barely misses you. The ball python grabs you.
The ball python constricts you.
You closely miss the gnoll.
The gnoll is heavily wounded.
The gnoll hits you with a +0 flail.
* * * LOW HITPOINT WARNING * * *
The ball python misses you. The ball python constricts you.
You closely miss the gnoll.
The gnoll is heavily wounded.
The ball python barely misses you. The ball python constricts you.
The gnoll hits you with a +0 flail!
You die...

#...... #..†####
#..))..# ##.†##.#
#..##.# #..##.# #..
#..##.## #.# #..#.gS##
##.## #....@..## ##...#
#........# ####.#.#.
##......## ###........
#......#####......#.#.
#....................#
#....#........._.....##
........######......###
##.###### #......# .
###....#


You could see a gnoll and a ball python.

Vanquished Creatures
  2 gnolls (D:2)
  An adder (D:2)
  5 ball pythons (D:1)
  A bat (D:2)
  3 endoplasms (D:1)
  A giant cockroach (D:1)
  A goblin (D:1)
  3 kobolds
  6 quokkas (D:1)
  2 rats
25 creatures vanquished.

Notes
Turn   | Place    | Note
-------+----------+-------------------------------------------
     0 | D:1      | BOMJPIETVODKU the Gnoll Earth Elementalist began the quest
                  | for the Orb.
     0 | D:1      | Reached XP level 1. HP: 13/13 MP: 6/6
   121 | D:1      | Reached XP level 2. HP: 19/19 MP: 3/7
   879 | D:2      | Found a snail-covered altar of Cheibriados.
   887 | D:2      | Became a worshipper of Cheibriados the Contemplative
   916 | D:2      | Reached skill level 5 in Spellcasting
   916 | D:2      | Reached XP level 3. HP: 25/25 MP: 6/9
   930 | D:2      | Reached skill level 1 in Invocations
   935 | D:2      | Reached skill level 1 in Fighting
   935 | D:2      | Reached skill level 1 in Short Blades
   935 | D:2      | Reached skill level 1 in Long Blades
   935 | D:2      | Reached skill level 1 in Axes
   935 | D:2      | Reached skill level 1 in Maces & Flails
   935 | D:2      | Reached skill level 1 in Polearms
   935 | D:2      | Reached skill level 1 in Staves
   935 | D:2      | Reached skill level 1 in Slings
   935 | D:2      | Reached skill level 1 in Bows
   935 | D:2      | Reached skill level 1 in Crossbows
   935 | D:2      | Reached skill level 1 in Throwing
   935 | D:2      | Reached skill level 1 in Armour
   935 | D:2      | Reached skill level 1 in Shields
   935 | D:2      | Reached skill level 1 in Unarmed Combat
   935 | D:2      | Reached skill level 1 in Evocations
   946 | D:2      | Mangled by a gnoll

Illustrated notes

Levels and vault maps discovered:
D:1:      erik_arrival_triangle_large, layout_basic
D:2:      layout_loops_ring, serial_shops, nicolae_shop_trees, shop_statue,
          shop, nicolae_square_shop, basic_altar, st_stairs_1

Skill      XL: |  1  2  3 |
---------------+----------+-----
Transmutations | 2 |  2.1
Spellcasting   | 5 |  5.0
Invocations    | 1 |  1.0
Fighting       | 1 |  1.0
Short Blades   | 1 |  1.0
Long Blades    | 1 |  1.0
Axes           | 1 |  1.0
Maces & Flails | 1 |  1.0
Polearms       | 1 |  1.0
Staves         | 1 |  1.0
Slings         | 1 |  1.0
Bows           | 1 |  1.0
Crossbows      | 1 |  1.0
Throwing       | 1 |  1.0
Armour         | 1 |  1.0
Shields        | 1 |  1.0
Unarmed Combat | 1 |  1.0
Evocations     | 1 |  1.0
Dodging        | |  4.6
Stealth        | |  4.2
Conjurations   | |  0.7
Hexes          | |  0.7
Summonings     | |  0.7
Necromancy     | |  0.7
Translocations | |  0.7
Fire Magic     | |  0.7
Ice Magic      | |  0.7
Air Magic      | |  0.7
Earth Magic    | |  5.4
Poison Magic   | |  0.7

Action                   || total
-------------------------++-------
Melee: Whip              ||     5
 Cast: Sandblast         ||    29
  Use: Potion            ||     1
 Stab: Sleeping          ||     1
Armor: Robe              ||     1
Dodge: Dodged            ||    13
